 Dungeon Crawl Stone Soup version 0.24-a0-375-g4de66ed (webtiles) character file.

Game seed: 18003490609880159587

2783 topirishpotato the Blocker (level 9, -1/81 HPs)
             Began as a Deep Dwarf Fighter on May 31, 2019.
             Was an Elder of Makhleb.
             Slain by a water moccasin (6 damage)
             ... on level 7 of the Dungeon.
             The game lasted 00:12:55 (6319 turns).

topirishpotato the Blocker (Deep Dwarf Fighter)     Turns: 6319, Time: 00:12:56

Health: -1/81      AC: 11    Str: 27    XL:     9   Next: 43%
Magic:  15/15 (6)  EV: 14    Int: 10    God:    Makhleb [****..]
Gold:   373        SH:  0    Dex: 14    Spells: 8/8 levels left

rFire    . . .     SeeInvis .   u - +1 hand axe (vamp)
rCold    . . .     Gourm    .   n - +0 large shield {reflect}
rNeg     . . .     Faith    +   b - +0 scale mail
rPois    .         Spirit   .   (no helmet)
rElec    .         Reflect  +   h - +1 cloak
rCorr    .         Harm     .   (no gloves)
MR       +....                  (no boots)
Stlth    ..........             z - amulet of faith (curse)
HPRegen  0.00/turn              p - +4 ring of evasion
MPRegen  0.14/turn              k - ring of magical power

@: confused, mighty, lethally poisoned (-1 -> -1), non-regenerating, hasted,
very quick
A: damage resistance, heal wounds, low mp 1, sense surroundings 2, shaggy fur 1,
strong 1, no regeneration
a: Heal Wounds, Minor Destruction, Lesser Servant of Makhleb, Major Destruction,
Renounce Religion


You were on level 7 of the Dungeon.
You worshipped Makhleb.
Makhleb was greatly pleased with you.
You were hungry.

You visited 1 branch of the dungeon, and saw 8 of its levels.
You also visited: Sewer.

You collected 373 gold pieces.

Inventory:

Hand Weapons
 a - a +0 war axe
 u - a +1 vampiric hand axe (weapon)
 B - the +5 dagger "Aco Heak" {flame, rN+}
   (You found it on level 5 of the Dungeon)

   It has been specially enchanted to burn those struck by it, causing extra
   injury to most foes and up to half again as much damage against particularly
   susceptible opponents.
   It protects you from negative energy.
Armour
 b - a +0 scale mail (worn)
 c - a +0 shield
 h - a +1 cloak (worn)
 n - a +0 large shield of reflection (worn)
 y - a +2 large shield
Jewellery
 g - an uncursed ring of protection from fire
 k - a ring of magical power (right hand)
 m - an uncursed ring of poison resistance
 o - a +4 ring of intelligence
 p - a +4 ring of evasion (left hand)
 z - a cursed amulet of faith (around neck)
Wands
 q - a wand of disintegration (11)
 C - a wand of flame (14)
Scrolls
 e - 3 scrolls of blinking
 j - 5 scrolls of remove curse
 r - 6 scrolls of teleportation
 v - a scroll of enchant armour
Potions
 d - 2 potions of might
 i - 2 potions of cancellation
 s - a potion of brilliance {unknown}
 t - a potion of mutation
 w - 4 potions of flight
 x - a potion of magic {unknown}
 A - a potion of agility
Comestibles
 f - 11 rations
 D - 4 chunks of flesh


   Skills:
 - Level 5.0 Fighting
 - Level 5.2 Axes
 + Level 7.4 Armour
 + Level 4.7 Dodging
 + Level 9.8 Shields


You had 8 spell levels left.
You didn't know any spells.
Your spell library contained the following spells:

 Spells                   Type           Power        Failure   Level  Hunger
 Beastly Appendage        Tmut           #.....       99%         1    ##.....
 Sticks to Snakes         Tmut           #.......     100%        2    ###....
 Spider Form              Tmut/Pois      #.........   100%        3    ####...
 Ice Form                 Ice/Tmut       #.......     100%        4    #####..
 Blade Hands              Tmut           #.........   100%        5    ######.


Dungeon Overview and Level Annotations

Branches:
Dungeon (8/15)             Temple (0/1) D:5
   Lair: D:8-11

Altars:
Cheibriados
Dithmenos
Fedhas
Makhleb
Okawaru
Ru
Vehumet
The Shining One

Annotations:
D:7 1 transporter


Innate Abilities, Weirdness & Mutations

You are resistant to damage.
You can heal yourself by infusing magical energy.
You passively map the area around you.
You do not regenerate.
Your magical capacity is low. (-10% MP)
You are covered in fur. (AC +1)
Your muscles are strong. (Str +2)


Message History

You choke on the stench!
You are more confused.
The yak seems less confused.
The water moccasin bites you!
The moth of wrath is engulfed in noxious fumes.
The moth of wrath appears confused.
The moth of wrath misses you. The yak gores you!
You bump into the rock wall.
You are engulfed in noxious fumes.
You choke on the stench!
You are more confused.
The water moccasin bites you. The yak gores you!!
* * * LOW HITPOINT WARNING * * *
The moth of wrath closely misses the bullfrog.
The water moccasin bites you but does no damage.
You bump into the rock wall.
You are engulfed in noxious fumes.
You choke on the stench!
You are more confused.
The water moccasin closely misses you. The yak gores you.
You bump into the rock wall.
The water moccasin closely misses you. The yak gores you but does no damage.
The water moccasin bites you!
You die...

#.###...###............. ,
#.#.......##.##......... ,
##.#...#.#..#..#......... *
#..#...#.#..#..#...##....
#.##H#.....##..#...##....
#.#.#...#.?#...#...######
#.#...#©F[!#©..#...##...#
##.##..yS.#?#...#........#
#..©#.#.†@#.##(.#........#
#..##..##Y#. #..######...#
#..#...#...#.#.......#...'
#.####..##....#..##.....<.#...#
#........##..©...#........#####
#.....+...#####.##.............
#.....#.......###..............
#.....#.......................÷
,
+.....#.......................)


You could see a moth of wrath (confused), a yak (berserk), a water moccasin
(berserk) and a bullfrog (confused).

Vanquished Creatures
  The ghost of Bane the Conjurer, a novice BaWz of Vehumet (D:7)
  A hippogriff (D:7)
  Sigmund (D:3)
  An ice beast (D:6)
  2 sky beasts
  A phantom (D:7)
  2 ogres (D:4)
  A centaur (D:5)
  4 bullfrogs
  2 scorpions
  A killer bee (D:7)
  A crimson imp (D:7)
  2 bullfrog zombies (D:5)
  2 bullfrog skeletons
  3 hounds
  A jelly (D:5)
  A gnoll shaman (D:6)
  6 orc priests
  7 orc wizards
  Jessica (D:3)
  Terence (D:3)
  Natasha (D:2)
  2 iguanas (D:6)
  2 worker ants
  13 adders
  8 gnolls
  A river rat (D:4)
  4 oozes (Sewer)
  An adder zombie (D:5)
  7 worms
  A dart slug (D:2)
  6 leopard geckos
  23 orcs
  9 bats
  2 giant cockroaches (Sewer)
  6 hobgoblins
  7 jackals
  4 quokkas
  4 ball pythons
  5 frilled lizards
  6 goblins
  9 kobolds
  8 rats
171 creatures vanquished.

Vanquished Creatures (others)
  A bullfrog (D:7)
1 creature vanquished.

Grand Total: 172 creatures vanquished

Notes
Turn   | Place    | Note
-------+----------+-------------------------------------------
     0 | D:1      | topirishpotato the Deep Dwarf Fighter began the quest for
                  | the Orb.
     0 | D:1      | Reached XP level 1. HP: 20/20 MP: 1/1
   369 | D:1      | Reached XP level 2. HP: 24/27 MP: 2/2
   809 | D:2      | Noticed Natasha
   819 | D:2      | Killed Natasha
   819 | D:2      | Reached XP level 3. HP: 23/34 MP: 3/3
  1020 | D:2      | Reached XP level 4. HP: 25/42 MP: 4/4
  1309 | D:2      | Found a burning altar of Makhleb.
  1309 | D:2      | Noticed a blizzard demon
  1394 | D:2      | Noticed a hellwing
  1394 | D:2      | Noticed an orange demon
  1396 | D:2      | Became a worshipper of Makhleb the Destroyer
  1546 | D:3      | Reached XP level 5. HP: 32/50 MP: 4/4
  1865 | D:3      | Noticed Sigmund
  1868 | D:3      | Noticed Jessica
  1872 | D:3      | Killed Sigmund
  1872 | D:3      | Reached skill level 5 in Axes
  1872 | D:3      | Reached XP level 6. HP: 34/57 MP: 5/5
  1873 | D:3      | Killed Jessica
  1873 | D:3      | Reached skill level 4 in Shields
  1985 | D:3      | Noticed Terence
  1998 | D:3      | Killed Terence
  2492 | D:2      | Reached * piety under Makhleb
  2554 | D:3      | Reached skill level 1 in Dodging
  2554 | D:3      | Reached XP level 7. HP: 64/66 MP: 5/5
  3163 | D:4      | Reached skill level 5 in Fighting
  3163 | D:4      | Reached skill level 5 in Shields
  3179 | D:4      | Reached skill level 5 in Armour
  3308 | D:4      | Found a radiant altar of Vehumet.
  3597 | D:4      | Reached ** piety under Makhleb
  3602 | D:4      | Found a glowing drain.
  3609 | Sewer    | Entered a sewer
  3613 | Sewer    | Reached XP level 8. HP: 74/74 MP: 6/6
  4357 | Sewer    | Reached skill level 6 in Shields
  4471 | D:4      | Gained mutation: Your magical capacity is low. (-10% MP)
                  | [potion of mutation]
  4471 | D:4      | Gained mutation: Your muscles are strong. (Str +2) [potion
                  | of mutation]
  4471 | D:4      | Gained mutation: You are covered in fur. (AC +1) [potion of
                  | mutation]
  4527 | D:5      | Entered Level 5 of the Dungeon
  4594 | D:5      | You fall into a shaft and drop 3 floors!
  4637 | D:7      | Reached *** piety under Makhleb
  4694 | D:7      | Found a transporter.
  4722 | D:5      | Found a staircase to the Ecumenical Temple.
  4781 | D:5      | Reached skill level 7 in Shields
  4906 | D:5      | Found a shadowy altar of Dithmenos.
  4954 | D:5      | Got a pitted dagger
  4981 | D:5      | Identified the +5 dagger "Aco Heak" {flame, rN+} (You found
                  | it on level 5 of the Dungeon)
  5346 | D:6      | Reached skill level 8 in Shields
  5592 | D:6      | Found a snail-covered altar of Cheibriados.
  5772 | D:6      | Gained mutation: You passively map the area around you.
                  | [Deep Dwarf growth]
  5772 | D:6      | Reached XP level 9. HP: 78/81 MP: 6/6
  5900 | D:6      | Reached **** piety under Makhleb
  5900 | D:6      | Reached skill level 9 in Shields
  5901 | D:6      | Found a blossoming altar of Fedhas.
  5975 | D:6      | Found an iron altar of Okawaru.
  5976 | D:6      | Found a sacrificial altar of Ru.
  5976 | D:6      | Found a glowing golden altar of the Shining One.
  6220 | D:7      | Noticed a moth of wrath
  6252 | D:7      | Noticed Bane's ghost (novice BaWz)
  6264 | D:7      | Found a transporter.
  6314 | D:7      | Killed Bane's ghost
  6319 | D:7      | Slain by a water moccasin

Levels and vault maps discovered:
D:1:      eino_arrival_cavern_a, layout_basic
D:2:      layout_basic, makhleb_altar_promises_db, uniq_natasha
D:3:      layout_loops_corners, serial_rivers, chequers_serial_rivers_micro_c,
          chequers_serial_rivers_micro_b, chequers_serial_rivers_micro_b,
          chequers_serial_rivers_micro_b, chequers_serial_rivers_micro_a,
          chequers_serial_rivers_micro_a, uniq_sigmund, uniq_terence,
          uniq_jessica
D:4:      layout_cave_pools, vehumet_crystals, gup_sewer_entry_bubbles,
          first_ration
D:5:      layout_cave_pools, kennysheep_mini, minmay_temple_entry_crystal_x
D:6:      layout_loops_ring, kennysheep_little_box, minitemple,
          fedhas_altar_fruit_tree
D:7:      layout_gridville, old_standard_altar,
          gammafunk_ghost_berserking_beasts, solitary_fountain
D:8:      layout_rooms, lemuel_doored_altar, erik_lair_dragon,
          hangedman_little_slice_of_home

Skill      XL: |  1  2  3  4  5  6  7  8  9 |
---------------+----------------------------+-----
Fighting       | 3 4 5 |  5.0
Axes           | 3 4 5 |  5.2
Armour         | 4 5 6 7 |  7.4
Shields        | 4 5 8 9 |  9.8
Dodging        | 1 2 4 |  4.7

Action                   |  1- 3 |  4- 6 |  7- 9 || total
-------------------------+-------+-------+-------++-------
Melee: War axe           |    82 |    83 |       ||   165
       Hand axe          |       |    52 |   609 ||   661
 Abil: Heal Wounds       |       |     3 |       ||     3
  Use: Scroll            |       |     6 |     5 ||    11
       Potion            |       |       |     8 ||     8
 Stab: Confused          |       |       |     1 ||     1
  Eat: Chunk             |       |     4 |    15 ||    19
Armor: Scale mail        |    34 |    57 |   194 ||   285
Dodge: Dodged            |    21 |    55 |   265 ||   341
Block: Shield            |    39 |    78 |   161 ||   278
       Large shield      |       |       |   366 ||   366
       Reflection        |       |       |     3 ||     3

Table legend:
 A = Non-vault XP
 B = Vault XP
 C = Vault XP percentage of total XP
 D = Non-vault monster count
 E = Vault monster count
 F = Vault count percentage of total count
                 A         B        C        D         E       F
            +---------+---------+-------+---------+---------+-------
      Total |    2977 |     999 |  25.1 |     134 |      38 |  22.1
            +---------+---------+-------+---------+---------+-------
        D:1 |      12 |       0 |   0.0 |       9 |       0 |   0.0
        D:2 |     241 |      35 |  12.7 |      27 |       1 |   3.6
        D:3 |     193 |     296 |  60.5 |      27 |       3 |  10.0
        D:4 |     615 |      33 |   5.1 |      19 |       6 |  24.0
        D:5 |     490 |       0 |   0.0 |      13 |       0 |   0.0
        D:6 |     948 |       0 |   0.0 |      21 |       0 |   0.0
        D:7 |     478 |     557 |  53.8 |      18 |       3 |  14.3
      Sewer |       0 |      78 | 100.0 |       0 |      25 | 100.0
            +---------+---------+-------+---------+---------+-------
